[Event "US Masters 2024"]
[Site "Charlotte"]
[Date "2024.11.30"]
[Round "5.13"]
[White "Lohia, Sohum"]
[Black "Kevlishvili, Robby"]
[Result "0-1"]
[ECO "C95"]
[WhiteElo "2391"]
[BlackElo "2556"]
[Annotator "TA"]
[PlyCount "80"]
[EventDate "2024.09.23"]
[EventType "swiss"]
[EventCountry "USA"]
[SourceTitle "playchess.com"]
[Source "ChessBase"]
[SourceQuality "1"]
[TimeControl "5400+30"]

1. e4 e5 2. Nf3 Nc6 3. Bb5 a6 4. Ba4 Nf6 5. O-O Be7 6. Re1 b5 7. Bb3 d6 8. c3 O-O 9. h3 Nb8 10. d4 Nbd7 11. Nbd2 Bb7 12. Bc2 Re8 13. Nf1 Bf8 14. Ng3 a5 15. a4 b4 16. cxb4 axb4 {[%emt 0:01:30] White is slightly better.} 17. b3 exd4 18. Qxd4 c5 19. Qd2 Ne5 20. Nxe5 Rxe5 21. Bb2 Re6 22. Rad1 Qc7 23. Bd3 Rae8 24. Bb5 {[%emt 0:08:26] [#] Hoping for Bxf6.} Nd7 25. Qf4 Qc8 26. Re3 (26. Nh5 $16) 26... Ba6 $14 27. Nf5 {[%emt 0:06:00][%cal Ob2g7] Threatens to win with Bxg7!} Bxb5 28. axb5 {[%emt 0:00:07][%cal Ob2g7] [#] aiming for Bxg7!} Ne5 $1 29. Rg3 Ng6 30. Qd2 Qb7 31. Rd3 Rxe4 {[%emt 0:01:05] And now ...Re2 would win.} 32. Nxd6 (32. Bxg7 $11 Bxg7 33. Nxd6) 32... Bxd6 $17 33. Rxd6 Qxb5 34. Qd5 $1 Qe2 35. Rd7 $2 {[%emt 0:00:51][%mdl 8192] This costs White the game.} Qxb2 $19 36. Qxf7+ Kh8 37. Rd8 Qe5 {[%emt 0:00:38] ...Re1+ is the strong threat.} 38. f4 $2 (38. g3 Qe7 39. Qxe7 R4xe7 40. R1d5) 38... Re1+ {[%emt 0:00:20] Black is clearly winning.} (38... Rxf4 $2 {perishes.} 39. Rxe8+ $18) (38... Nxf4 39. Qf8+ Rxf8 40. Rxf8#) 39. Kh2 Qxf4+ ({Not} 39... Nxf4 40. Qf8+ Rxf8 41. Rxf8#) 40. Qxf4 Nxf4 {[%emt 0:00:04] Weighted Error Value: White=0.56/Black=0.04 (flawless) .  Loses game:     	White=1     	---        Mistake:       	White=3     	---        Inaccurate:     	White=1     	Black=2      OK:         	White=9     	Black=9      Best:        	White=3     	Black=4      Strong:       	White=1     	Black=1} 0-1

[Event "US Masters 2024"]
[Site "Charlotte"]
[Date "2024.11.30"]
[Round "5.14"]
[White "Stremavicius, Titas"]
[Black "Lee, Alice"]
[Result "1/2-1/2"]
[ECO "E05"]
[WhiteElo "2545"]
[BlackElo "2398"]
[Annotator "TA"]
[PlyCount "100"]
[EventDate "2024.09.23"]
[EventType "swiss"]
[EventCountry "USA"]
[SourceTitle "playchess.com"]
[Source "ChessBase"]
[SourceQuality "1"]
[TimeControl "5400+30"]

1. c4 e6 2. Nf3 d5 3. g3 Nf6 4. Bg2 Be7 5. d4 O-O 6. O-O dxc4 7. Qc2 a6 8. a4 Bd7 9. Rd1 Bc6 10. Nc3 Qe8 (10... Bxf3 $11 {keeps the balance.} 11. exf3 Nc6) 11. e4 $16 b5 12. d5 Bb7 {[%emt 0:10:17] White is better.} 13. axb5 axb5 14. Rxa8 Bxa8 15. Nd4 exd5 16. Ndxb5 Na6 (16... c6 $2 17. Nc7 Qd8 18. Nxa8 $18) 17. exd5 Bc5 18. Qf5 c6 {[%emt 0:05:08] [#]} (18... h5 $16) 19. dxc6 ({White must play} 19. Bh6 $1 $18 Qd7 (19... cxb5 $2 {loses.} 20. Bxg7 Kxg7 21. Qg5+ Kh8 22. Qxf6+ Kg8 23. Qxa6 $18) 20. Qg5 (20. Qxd7 Nxd7 21. dxc6 Ndb8 $18)) 19... Bxc6 20. Bxc6 Qxc6 21. Bg5 Ne8 22. Qe4 Qb6 23. Bd8 {[%emt 0:02:44] White is much more active.} ({Much worse is} 23. Qxc4 Bxf2+ 24. Kf1 Bc5 $11) 23... Nf6 24. Bxb6 Nxe4 25. Bxc5 Naxc5 26. Rd4 f5 27. Rxc4 Rb8 28. Nd4 Rxb2 29. Nxf5 Nxc3 30. Rxc5 {[%emt 0:01:00][%mdl 4096] Endgame. KRN-KRN} Ne4 31. Rc8+ Kf7 32. Rc7+ Kf6 33. Nxg7 Nxf2 34. Nh5+ Kg5 35. Nf4 {[%emt 0:00:23] Inhibits Nh3+.} Kg4 {[%emt 0:02:31] The position is equal.} 36. Kf1 (36. Rxh7 {leads to mate.} Kf3) 36... Ne4 37. Ne2 Rb1+ 38. Kg2 {[%emt 0:00:02][%cal Oc7c4] [#] Rc4! is the strong threat.} Rb2 $1 39. h3+ Kf5 40. g4+ Kg6 41. Kf1 Rb1+ 42. Nc1 h5 43. gxh5+ Kxh5 44. Kg2 Rb2+ 45. Kf3 Ng5+ 46. Kg3 Rb6 47. Rc5 Re6 48. h4 Re3+ 49. Kf2 Rf3+ 50. Ke2 Kxh4 {[%emt 0:00:05] Weighted Error Value: White=0.07 (flawless) /Black=0.11 (very precise) .  Mistake:       	White=1     	Black=1      Inaccurate:     	White=2     	Black=2      OK:         	White=18    	Black=21     Best:        	White=4     	Black=1      Strong:       	---       	Black=1} 1/2-1/2

[Event "US Masters 2024"]
[Site "Charlotte"]
[Date "2024.11.30"]
[Round "5.15"]
[White "Harsha Bharathakoti"]
[Black "Zhao, Erick"]
[Result "1/2-1/2"]
[ECO "D85"]
[WhiteElo "2531"]
[BlackElo "2387"]
[Annotator "TA"]
[PlyCount "47"]
[EventDate "2024.09.23"]
[EventType "swiss"]
[EventCountry "USA"]
[SourceTitle "playchess.com"]
[Source "ChessBase"]
[SourceQuality "1"]
[TimeControl "5400+30"]

1. d4 Nf6 2. c4 g6 3. Nc3 d5 4. cxd5 Nxd5 5. Bd2 c5 6. dxc5 Bg7 7. Qc1 (7. Qb3 $1 $14 Nf6 8. Nf3) 7... Na6 (7... Nf6 $11) 8. e4 $14 {[%emt 0:06:53] White is slightly better.} Ndb4 9. a3 $1 Nd3+ 10. Bxd3 Qxd3 11. b4 b6 12. Nge2 {[%emt 0:23:14] Threatens to win with cxb6.} bxc5 13. O-O {[%emt 0:03:29] Hoping for Rd1.} O-O 14. Bh6 cxb4 15. Bxg7 (15. axb4 {seems wilder.} Qc4 16. Nd5 Qxc1 17. Nxe7+ Kh8 18. Bxg7+ Kxg7 19. Rfxc1 Nxb4 20. Nxc8 Rfxc8 21. Rxc8 Rxc8 22. Rxa7 Nd3 23. Kf1) 15... Kxg7 16. axb4 {[%emt 0:00:24][%cal Ba3b4,Bb4b5][%mdl 32] Black should prevent Rd1.} Qc4 (16... Nxb4 $6 17. Qb2 Rb8 18. Nd5+ (18. Rxa7 $2 Nc6 $19) 18... f6 19. Nxb4 $18) 17. b5 Nc5 18. Qb2 {[%emt 0:00:55] [#] Nd1+ would now be deadly.} (18. Qf4 {with more complications.} Be6 19. Rfd1 Nb3 20. Ra6) 18... e5 19. Ra5 Bb7 {[%emt 0:00:53] The position is equal.} 20. f3 Rfd8 21. Qa2 Qd3 22. Kf2 {[%emt 0:02:08][%cal Of1d1] [#] Inhibits Qe3+. Black must now prevent Rd1!} ({Much weaker is} 22. Rxa7 Qe3+ 23. Kh1 Nd3 24. Rxa8 Rxa8 $17) 22... Qd6 {[%emt 0:00:33] Strongly threatening ...Qb6.} 23. Kg1 $1 Qd3 24. Kf2 {[%emt 0:00:03] Prevents Qe3+.   Weighted Error Value: White=0.11 (very precise) /Black=0.11 (very precise) .  Mistake:       	White=1     	Black=1      Inaccurate:     	---       	Black=1      OK:         	White=5     	Black=8      Best:        	White=2     	Black=1      Strong:       	White=2     	---} ({Don't play} 24. Rxa7 Qe3+ 25. Kh1 Nd3 $19) 1/2-1/2

[Event "US Masters 2024"]
[Site "Charlotte"]
[Date "2024.11.29"]
[Round "5.16"]
[White "Aarav Dengla"]
[Black "Parkhov, Yair"]
[Result "1/2-1/2"]
[ECO "B86"]
[WhiteElo "2390"]
[BlackElo "2523"]
[Annotator "TA"]
[PlyCount "34"]
[EventDate "2024.09.23"]
[EventType "swiss"]
[EventCountry "USA"]
[SourceTitle "playchess.com"]
[Source "ChessBase"]
[SourceQuality "1"]
[TimeControl "5400+30"]

1. e4 c5 2. Nf3 d6 3. d4 cxd4 4. Nxd4 Nf6 5. Nc3 a6 6. Bc4 e6 7. a3 Be7 8. Ba2 O-O 9. g4 d5 10. exd5 Nxd5 11. Nxd5 exd5 12. Be3 Nc6 13. Qe2 Nxd4 14. Bxd4 Re8 ({Black should play} 14... Bg5 $1 $15 15. Be3 Bxe3 16. fxe3 Qh4+ 17. Qf2 Qxf2+ (17... Qxg4 18. Rg1 $17) 18. Kxf2 Bxg4) 15. O-O-O $11 {[%emt 0:00:18] The position is equal.} Bg5+ 16. Be3 Bxe3+ 17. fxe3 Qg5 {[%emt 0:06:22][%csl LRe3,LRg4] Weighted Error Value: White=0.11 (very precise) /Black=0.17 (very precise) .  Mistake:       	---       	Black=1      Inaccurate:     	White=1     	Black=1      OK:         	White=1     	Black=4      Best:        	White=2     	---} 1/2-1/2

[Event "US Masters 2024"]
[Site "Charlotte"]
[Date "2024.11.30"]
[Round "5.17"]
[White "Zhou, Liran"]
[Black "Mitrabha, Guha"]
[Result "0-1"]
[ECO "B10"]
[WhiteElo "2390"]
[BlackElo "2511"]
[Annotator "RC"]
[PlyCount "54"]
[EventDate "2024.09.23"]
[EventType "swiss"]
[EventCountry "USA"]
[SourceTitle "playchess.com"]
[Source "ChessBase"]
[SourceQuality "1"]
[TimeControl "5400+30"]

1. e4 c6 2. Nf3 d5 3. d3 g6 4. e5 Bg7 5. d4 f6 6. c4 fxe5 7. Nxe5 Nf6 8. cxd5 cxd5 9. Bb5+ Bd7 10. Nxd7 Nfxd7 11. Nc3 Nc6 12. Nxd5 Nxd4 13. Bh6 Be5 14. a4 a6 15. f4 axb5 16. fxe5 Nf5 17. Bg5 Nb6 18. Nc3 h6 19. Bd2 Qd4 20. Nxb5 Qh4+ 21. g3 Qe4+ 22. Kf2 O-O 23. Bf4 Nh4 24. Qb3+ Nc4 25. Rhc1 Rxf4+ 26. gxf4 Qg2+ 27. Ke1 Nf3+ 0-1

[Event "US Masters 2024"]
[Site "Charlotte"]
[Date "2024.11.30"]
[Round "5.18"]
[White "Can, Isik"]
[Black "De Silva, L M S T"]
[Result "1-0"]
[ECO "C68"]
[WhiteElo "2508"]
[BlackElo "2370"]
[Annotator "TA"]
[PlyCount "55"]
[EventDate "2024.09.23"]
[EventType "swiss"]
[EventCountry "USA"]
[SourceTitle "playchess.com"]
[Source "ChessBase"]
[SourceQuality "1"]
[TimeControl "5400+30"]

1. e4 e5 2. Nf3 Nc6 3. Bb5 a6 4. Bxc6 dxc6 5. Nc3 Bd6 6. d4 exd4 7. Qxd4 f6 8. Ne2 Ne7 9. Bf4 Ng6 10. Bxd6 {[%emt 0:09:37] The position is equal.} Qxd6 11. O-O-O Qe7 12. h4 Bg4 13. Qe3 $36 {[%emt 0:03:09][%mdl 2048] White is more active.} O-O 14. h5 Ne5 15. h6 g6 16. Nxe5 Qxe5 17. f3 Be6 18. f4 Qa5 19. a3 Rae8 20. Nc3 Bg4 21. Rd2 Qb6 {[%emt 0:03:50] [#]} (21... Bc8 $16 22. Nd1 Qb6) 22. Qg3 $1 $18 f5 (22... Bc8 23. f5 g5) 23. b4 Rf7 24. Re1 {[%emt 0:02:23] Hoping for exf5.} Ref8 $2 (24... c5 25. Nd5 Qe6) 25. e5 {[%emt 0:02:46] Strongly threatening e6.} Re7 {[%emt 0:04:19] Black is weak on the dark squares} 26. Na4 Qa7 27. Qh4 Rfe8 {[%emt 0:01:15] [#]} 28. Rd8 $3 {[%emt 0:00:35][%mdl 512] White took control after the opening.   Weighted Error Value: White=0.14 (very precise) /Black=0.64.  Mistake:       	---       	Black=3      Inaccurate:     	White=1     	Black=2      OK:         	White=8     	Black=6      Best:        	White=1     	---        Strong:       	White=1     	---} 1-0

[Event "US Masters 2024"]
[Site "Charlotte"]
[Date "2024.11.30"]
[Round "5.19"]
[White "Kaplan, Avi Harrison"]
[Black "Fernandez, Daniel Howard"]
[Result "1/2-1/2"]
[ECO "A04"]
[WhiteElo "2317"]
[BlackElo "2503"]
[Annotator "RC"]
[PlyCount "140"]
[EventDate "2024.09.23"]
[EventType "swiss"]
[EventCountry "USA"]
[SourceTitle "playchess.com"]
[Source "ChessBase"]
[SourceQuality "1"]
[TimeControl "5400+30"]

1. Nf3 c5 2. b3 b6 3. Bb2 Bb7 4. g3 Bxf3 5. exf3 Nc6 6. Bg2 e6 7. O-O Nf6 8. f4 Rc8 9. d3 g6 10. Nd2 Bg7 11. Nf3 O-O 12. Re1 Ne8 13. Bxg7 Nxg7 14. a3 b5 15. Qd2 Nf5 16. c3 a5 17. Ne5 Nxe5 18. fxe5 d6 19. Be4 Ne7 20. Qf4 dxe5 21. Qxe5 Qc7 22. Qf6 Rfd8 23. g4 Nd5 24. Bxd5 Rxd5 25. Rxe6 Qd7 26. Re4 Rxd3 27. Rae1 Rd1 28. Qf3 Rd8 29. Rxd1 Qxd1+ 30. Qxd1 Rxd1+ 31. Kg2 Rb1 32. Re5 Rxb3 33. Rxc5 a4 34. g5 Kf8 35. c4 bxc4 36. Rxc4 Rxa3 37. h4 Ra1 38. Rc8+ Ke7 39. Ra8 a3 40. Ra7+ Ke6 41. Ra6+ Kf5 42. Ra4 Ke5 43. Ra7 Ke6 44. Ra6+ Kf5 45. Ra4 a2 46. Kh2 Ke5 47. Kg2 f5 48. gxf6 Kxf6 49. Ra5 Ke6 50. Kh2 Kd6 51. Kg2 Kc6 52. Ra8 Kd5 53. Ra4 Kc5 54. Ra8 Kc4 55. Rc8+ Kd4 56. Ra8 Ke4 57. Ra4+ Kf5 58. Kh2 h6 59. Kg2 g5 60. Ra5+ Kg4 61. hxg5 hxg5 62. Ra8 Kh5 63. Ra7 g4 64. Ra8 Kg5 65. Ra7 Kf5 66. Ra8 Ke4 67. Ra7 Kd3 68. Ra8 Kc2 69. Rc8+ Kb3 70. Rb8+ Kc3 1/2-1/2

[Event "US Masters 2024"]
[Site "Charlotte"]
[Date "2024.11.30"]
[Round "5.20"]
[White "Rodrigue-Lemieux, Shawn"]
[Black "Lin, Bryan Enming"]
[Result "1-0"]
[ECO "C54"]
[WhiteElo "2496"]
[BlackElo "2368"]
[Annotator "RC"]
[PlyCount "133"]
[EventDate "2024.09.23"]
[EventType "swiss"]
[EventCountry "USA"]
[SourceTitle "playchess.com"]
[Source "ChessBase"]
[SourceQuality "1"]
[TimeControl "5400+30"]

1. e4 e5 2. Nf3 Nc6 3. Bc4 Nf6 4. d3 Bc5 5. c3 d6 6. O-O a5 7. Re1 O-O 8. h3 h6 9. Nbd2 a4 10. Nf1 Bd7 11. a3 Re8 12. Ng3 Na5 13. Ba2 b5 14. d4 Bb6 15. Be3 c5 16. d5 c4 17. Qd2 Bxe3 18. Qxe3 Nh7 19. Rf1 Qf6 20. Rae1 Nb7 21. Bb1 Rac8 22. Nh2 Qe7 23. f4 f6 24. Nf3 g5 25. fxg5 fxg5 26. Nh2 Nc5 27. Ng4 Bxg4 28. hxg4 Rf8 29. Rf5 Qg7 30. Ref1 Qe7 31. Bc2 Rce8 32. Qf2 Rd8 33. Qf3 Nd7 34. Kf2 Rf6 35. Rxf6 Nhxf6 36. Nf5 Qf8 37. Rh1 Kh7 38. Nxh6 Qxh6 39. Qf5+ Kg7 40. Rxh6 Kxh6 41. Qe6 Kg6 42. Qxd6 Rc8 43. Qa6 Rc5 44. Kf3 Kf7 45. Qa8 Kg7 46. Bxa4 bxa4 47. Qxa4 Rc7 48. Qb5 Kf7 49. a4 Ne8 50. Qa6 Nef6 51. a5 Rc5 52. Qe6+ Kg6 53. a6 Rb5 54. Qc6 Rxb2 55. a7 Nb6 56. Qxb6 Rxb6 57. a8=Q Rb3 58. Qa5 Rb1 59. d6 Nd7 60. Qc7 Rf1+ 61. Ke2 Rf7 62. Qxc4 Kf6 63. Qb5 Nf8 64. Qc6 Rd7 65. c4 Rd8 66. Qc7 Rd7 67. c5 1-0

[Event "US Masters 2024"]
[Site "Charlotte"]
[Date "2024.11.30"]
[Round "5.21"]
[White "Wang, Tianqi"]
[Black "Budisavljevic, Luka"]
[Result "1/2-1/2"]
[ECO "D30"]
[WhiteElo "2323"]
[BlackElo "2488"]
[Annotator "TA"]
[PlyCount "52"]
[EventDate "2024.09.23"]
[EventType "swiss"]
[EventCountry "USA"]
[SourceTitle "playchess.com"]
[Source "ChessBase"]
[SourceQuality "1"]
[TimeControl "5400+30"]

1. d4 Nf6 2. Nf3 e6 3. c4 d5 4. e3 Bb4+ 5. Nbd2 Be7 6. b3 b6 7. Bd3 Bb7 8. O-O {[%emt 0:00:24] White has an edge.} c5 9. cxd5 exd5 10. Ba3 O-O 11. Rc1 Nbd7 12. Nb1 Rc8 13. Qe2 Bd6 14. Nc3 Re8 15. Bb2 Qe7 16. Ba6 Nf8 17. Bxb7 Qxb7 18. dxc5 Bxc5 19. Rfd1 Ne6 20. Qd3 Red8 21. Ne2 {[%emt 0:00:10] Bxf6 would now be deadly.} Ne4 22. Ng3 h6 23. Rc2 Bf8 24. Rxc8 Qxc8 25. Rc1 Qb7 26. Nd4 Nxg3 {[%emt 0:03:54] Weighted Error Value: White=0.05 (flawless) /Black=0.05 (flawless) .  OK:         	White=7     	Black=8} 1/2-1/2

[Event "US Masters 2024"]
[Site "Charlotte"]
[Date "2024.11.29"]
[Round "5.22"]
[White "Tsay, Vincent"]
[Black "Escalante Ramirez, Brian"]
[Result "1/2-1/2"]
[ECO "E04"]
[WhiteElo "2309"]
[BlackElo "2476"]
[Annotator "TA"]
[PlyCount "22"]
[EventDate "2024.09.23"]
[EventType "swiss"]
[EventCountry "USA"]
[SourceTitle "playchess.com"]
[Source "ChessBase"]
[SourceQuality "1"]
[TimeControl "5400+30"]

1. d4 e6 2. c4 d5 3. Nf3 Nf6 4. g3 Bb4+ 5. Nbd2 dxc4 6. Bg2 b5 {[%emt 0:00:20] Prevents Qa4} 7. O-O O-O 8. a4 c6 9. axb5 cxb5 {[%emt 0:00:52] And now ...Bb7 would win.} 10. Ng5 (10. Ne1 $1 $11 Nd5 11. e4) 10... Nd5 $15 11. e4 $1 {[%emt 0:00:15] [#]} Nc7 $1 {[%emt 0:10:42] White took control after the opening.   Weighted Error Value: White=0.12 (very precise) /Black=0.00 (flawless) .  Mistake:       	White=1     	---        Inaccurate:     	---       	Black=1      OK:         	White=1     	Black=1      Best:        	White=1     	Black=2      Strong:       	White=1     	Black=1} ({Much worse is} 11... Qxg5 $6 12. exd5 exd5 13. Nxc4 $11) 1/2-1/2

[Event "US Masters 2024"]
[Site "Charlotte"]
[Date "2024.11.30"]
[Round "5.23"]
[White "Anatol, Luke Leon Robin"]
[Black "Canty, James"]
[Result "1/2-1/2"]
[ECO "B51"]
[WhiteElo "1992"]
[BlackElo "2189"]
[Annotator "RC"]
[PlyCount "56"]
[EventDate "2024.09.23"]
[EventType "swiss"]
[EventCountry "USA"]
[SourceTitle "playchess.com"]
[Source "ChessBase"]
[SourceQuality "1"]
[TimeControl "5400+30"]

1. e4 c5 2. Nf3 d6 3. Bb5+ Nd7 4. O-O a6 5. Bxd7+ Bxd7 6. c3 g6 7. d4 cxd4 8. cxd4 Bg7 9. Nc3 b5 10. Re1 b4 11. Nd5 a5 12. Bg5 Nf6 13. Nxe7 Kxe7 14. e5 Kf8 15. Rc1 h6 16. exf6 Bxf6 17. Bf4 Bb5 18. Qb3 Qd7 19. Qd5 Ra6 20. Rc2 Kg7 21. Rec1 Bd8 22. h4 Re8 23. h5 Bd3 24. hxg6 Bxc2 25. gxf7 Qxf7 26. Bxh6+ Kg8 27. Qxf7+ Kxf7 28. Rxc2 Bf6 1/2-1/2

[Event "US Masters 2024"]
[Site "Charlotte"]
[Date "2024.11.30"]
[Round "5.24"]
[White "Belenkaya, Dina"]
[Black "Shivakumar, Shawnak"]
[Result "1-0"]
[ECO "D31"]
[WhiteElo "2151"]
[BlackElo "2324"]
[Annotator "RC"]
[PlyCount "99"]
[EventDate "2024.09.23"]
[EventType "swiss"]
[EventCountry "USA"]
[SourceTitle "playchess.com"]
[Source "ChessBase"]
[SourceQuality "1"]
[TimeControl "5400+30"]

1. d4 d5 2. c4 e6 3. Nc3 c6 4. e4 dxe4 5. Nxe4 Bb4+ 6. Nc3 c5 7. Nf3 Nf6 8. a3 Ba5 9. Be3 O-O 10. dxc5 Bxc3+ 11. bxc3 Qa5 12. Qc2 Ng4 13. Bg5 f6 14. Bc1 Qxc5 15. h3 Ne5 16. Nxe5 Qxe5+ 17. Be2 b6 18. O-O Bb7 19. Bd3 f5 20. Be3 Nc6 21. Rfe1 Qf6 22. f4 Rae8 23. c5 e5 24. cxb6 axb6 25. Bxb6 Kh8 26. Bc5 Rf7 27. Rab1 Ba8 28. Rb6 Qd8 29. Bc4 Rf6 30. Qf2 h6 31. Bb5 exf4 32. Rxe8+ Qxe8 33. Qxf4 Qe1+ 34. Kh2 Rg6 35. Bf1 Qxc3 36. Bd4 Nxd4 37. Rxg6 Kh7 38. Rg3 Qc5 39. Bd3 g5 40. Qb8 Qd5 41. Qc7+ Kh8 42. Bc4 Qe4 43. Qd8+ Kg7 44. Qg8+ Kf6 45. Qf7+ Ke5 46. Qe7+ Kf4 47. Qd6+ Qe5 48. Qxh6 Qe7 49. h4 Nf3+ 50. gxf3 1-0